 Dungeon Crawl Stone Soup version 0.31-a0-217-g58bb5d79cf (webtiles) character file.

Game seed: 14650294126492049278

1535 qw the Cleaver (level 8, -2/51 HPs)
             Began as a Gargoyle Fighter on July 2, 2023.
             Slain by Duvessa
             ... wielding a +0 short sword
              (9 damage)
             ... on level 6 of the Dungeon.
             The game lasted 00:02:09 (4855 turns).

qw the Cleaver (Gargoyle Fighter)                   Turns: 4855, Time: 00:02:10

Health: -2/51      AC: 12    Str: 26    XL:     8   Next: 86%
Magic:  8/8        EV: 10    Int:  6    God:
Gold:   1361       SH:  5    Dex: 14    Spells: 7/7 levels left

rFire   . . .        Y - +1 war axe
rCold   . . .        c - +0 buckler
rNeg    + . .        b - +0 scale mail
rPois   inf          (no helmet)
rElec   +            (no cloak)
rCorr   .            (no gloves)
SInv    .            (no boots)
Will    +....        (no amulet) Stlth
                     e - +6 ring of dexterity
HPRegen 0.28/turn    (no ring)
MPRegen 0.11/turn

%: no passive effects
@: about to teleport
A: sickness immunity, AC +5, negative energy resistance 1, electricity
resistance, torment resistance 1, petrification resistance, claws 1, dopey 1,
strong-willed 1, strong 1
a: no special abilities


You were on level 6 of the Dungeon.
You visited 1 branch of the dungeon, and saw 6 of its levels.

You collected 1361 gold pieces.


Innate Abilities, Weirdness & Mutations

You are immune to sickness and miasma.
Your stone body is resilient. (AC +5)
You are immune to poison.
You resist negative energy. (rN+)
You are resistant to electric shocks. (rElec)
You are resistant to unholy torment.
You are immune to petrification.
You have sharp fingernails.
You are dopey. (Int -2)
You are strong-willed. (Will+)
Your muscles are strong. (Str +4, Int/Dex -1)


   Skills:
 - Level 6.0 Fighting
 + Level 8.6 Axes
 - Level 1.1 Throwing
 - Level 3.2 Armour
 - Level 2.0 Dodging
 - Level 3.2 Shields


You had 7 spell levels left.
You didn't know any spells.
Your spell library was empty.

Inventory:

Hand Weapons
 l - a +0 morningstar
 Y - a +1 war axe (weapon)
Missiles
 o - 4 boomerangs (quivered)
Armour
 b - a +0 scale mail (worn)
 c - a +0 buckler (worn)
 h - the +0 chain mail of the Saviour {Contam Harm rN+ Will++}
   (You found it on level 2 of the Dungeon)

   rN:        It protects you from negative energy.
   Contam:    It causes magical contamination when unequipped.
   Harm:      It increases damage dealt and taken.
   Will:      It greatly increases your willpower.
Jewellery
 e - a +6 ring of dexterity (left claw)
Scrolls
 a - 2 scrolls of identify
Potions
 d - a potion of might
 f - 2 potions of attraction
 i - a potion of lignification {unknown}
 j - a potion of curing
 k - a potion of magic {unknown}
 m - a potion of haste
 n - a potion of mutation
 p - a potion of enlightenment

Dungeon Overview and Level Annotations

Branches:
Dungeon (6/15)
 Temple: D:4-7

Altars:
Dithmenos
Kikubaaqudgha
Ru

Annotations:
D:2 1 runed translucent door, Crazy Yiuf
D:3 3 runed translucent doors, qw's ghost, amateur GrHs
D:6 Dowan; Duvessa


Message History

You slash Duvessa!
Duvessa is severely wounded.
You hit the adder. Duvessa closely misses you.
Duvessa hits you with a +0 short sword. The adder barely misses you.
You barely miss Duvessa.
Duvessa is severely wounded.
You barely miss the adder.
Duvessa says, "Beauty is only skin deep, and my weapons penetrate much further than that."
Duvessa hits you but does no damage. The adder barely misses you.
Duvessa misses you.
You barely miss Duvessa.
Duvessa is severely wounded.
You hit the adder. You block the adder's attack.
Duvessa hits you but does no damage. The adder closely misses you.
You hit the adder.
You kill the adder!
You hit Duvessa but do no damage. Duvessa hits you but does no damage.
Dowan gestures at you while chanting. The puff of flame hits you.
Duvessa hits you with a +0 short sword.
You barely miss Duvessa.
Duvessa is severely wounded.
Duvessa hits you with a +0 short sword. Dowan casts a spell at you.
You resist with almost no effort. Duvessa misses you.
You barely miss Duvessa.
Duvessa is severely wounded.
Duvessa hits you with a +0 short sword.
You barely miss Duvessa.
Duvessa is severely wounded.
Duvessa hits you with a +0 short sword.
Dowan smirks and points a slender finger.
Duvessa hits you with a +0 short sword.
4855 ||| READING scroll of teleportation.
As you read the scroll of teleportation, it crumbles to dust.
You feel strangely unstable. You block Dowan's attack.
Duvessa hits you with a +0 short sword!
You die...

#.#######....######
#...........##....#
#####.......##....##.#
#......#..........#
#......'.##%####..#
#......#.##.# #
##.#......#.####.#
#.#'###.....e...###.
##... #..#..@e......
#....#..#.####.#... #
#..... .. ...#<## O
##..#.# #. #.# #. #.#
# ...


You could see Duvessa (fast) and Dowan.

Vanquished Creatures
  Sigmund (D:3)
  A water moccasin (D:5)
  A sky beast (D:3)
  An ice beast (D:6)
  2 black bears
  3 ogres
  A phantom (D:6)
  A scorpion (D:6)
  5 hounds
  A jelly (D:4)
  Jessica (D:3)
  Natasha (thrice) (D:2)
  4 iguanas
  4 adders
  3 gnolls (D:5)
  A white imp (D:6)
  2 worms
  5 dart slugs
  6 orcs
  7 bats
  7 endoplasms
  3 giant cockroaches (D:1)
  7 goblins
  4 hobgoblins
  7 kobolds
  6 quokkas
  5 ball pythons
  5 frilled lizards
  A rat (D:1)
98 creatures vanquished.

Vanquished Creatures (others)
  A human (D:5)
1 creature vanquished.

Grand Total: 99 creatures vanquished

Notes
Turn   | Place    | Note
-------+----------+-------------------------------------------
     0 | D:1      | qw the Gargoyle Fighter began the quest for the Orb.
     0 | D:1      | Reached XP level 1. HP: 14/14 MP: 1/1
     0 | D:1      | 0 ||| qw: Version: 0.3-a-40-ge99b1a8
     0 | D:1      | 0 ||| qw: Game counter: 259
     0 | D:1      | 0 ||| qw: Melee chars always use a shield: true
     0 | D:1      | 0 ||| qw: God list: Okawaru
     0 | D:1      | 0 ||| qw: Allow faded altars: false
     0 | D:1      | 0 ||| qw: Do Orc after clearing Dungeon:15 true
     0 | D:1      | 0 ||| qw: Do second Lair branch before Depths: true
     0 | D:1      | 0 ||| qw: Lair rune preference: random
     0 | D:1      | 0 ||| qw: Goals: Normal, Zot:1-4, Slime:5, God:TSO, Crypt,
                  | Tomb, Abyss, Pan, Hells, Win
     0 | D:1      | 0 ||| PLANNING D:1-11
    32 | D:1      | Reached skill level 2 in Axes
   132 | D:1      | Reached XP level 2. HP: 19/19 MP: 2/2
   240 | D:1      | 240 ||| Stepping ~*~*~tactically~*~*~ (stealth).
   403 | D:1      | Reached skill level 3 in Axes
   470 | D:1      | Reached XP level 3. HP: 12/23 MP: 3/3
   813 | D:1      | 813 ||| UPGRADING to +6 ring of dexterity.
   814 | D:1      | 814 ||| READING scroll labelled VIT ASISOU.
   815 | D:1      | 815 ||| READING scroll labelled GEPLYI QUIL.
   818 | D:1      | 818 ||| READING scroll labelled QIEZU ULAPNIL SEH.
   819 | D:1      | 819 ||| READING scroll labelled JOIRAWAESAF.
   820 | D:1      | 820 ||| DRINKING 2 murky inky potions.
   925 | D:1      | 925 ||| DROPPING potion of berserk rage.
  1047 | D:2      | 1047 ||| Stepping ~*~*~tactically~*~*~ (stealth).
  1084 | D:2      | Identified the +0 chain mail of the Saviour {Contam Harm
                  | rN+ Will++}
  1243 | D:2      | Found a faded altar of an unknown god.
  1297 | D:2      | Reached skill level 1 in Dodging
  1569 | D:2      | 1569 ||| Stepping ~*~*~tactically~*~*~ (hiding).
  1680 | D:2      | Noticed Natasha
  1681 | D:2      | 1681 ||| Stepping ~*~*~tactically~*~*~ (hiding).
  1692 | D:2      | Killed Natasha
  1693 | D:2      | Reached XP level 4. HP: 26/28 MP: 4/4
  1707 | D:2      | Found a runed translucent door.
  1708 | D:2      | Noticed Crazy Yiuf
  1711 | D:2      | 1711 ||| DROPPING ring of magical power.
  1712 | D:2      | 1712 ||| READING scroll labelled EBAEWA XURPHIE.
  1748 | D:2      | Noticed Natasha
  1749 | D:2      | 1749 ||| Stepping ~*~*~tactically~*~*~ (hiding).
  1751 | D:2      | 1751 ||| Stepping ~*~*~tactically~*~*~ (hiding).
  1757 | D:2      | Killed Natasha
  1758 | D:2      | Reached skill level 4 in Axes
  1833 | D:2      | Noticed Natasha
  1834 | D:2      | 1834 ||| Stepping ~*~*~tactically~*~*~ (stealth).
  1841 | D:2      | Killed Natasha
  1842 | D:2      | Reached XP level 5. HP: 29/32 MP: 5/5
  1915 | D:2      | 1915 ||| READING scroll labelled CISCHE XOCAOB.
  1916 | D:2      | 1916 ||| DRINKING 2 fuming orange potions.
  1917 | D:2      | 1917 ||| DRINKING 2 viscous golden potions.
  2123 | D:3      | Found a runed translucent gate.
  2124 | D:3      | Found a runed translucent gate.
  2169 | D:3      | Noticed qw's ghost (amateur GrHs)
  2170 | D:3      | Found a runed translucent gate.
  2179 | D:3      | Noticed a kobold brigand
  2228 | D:3      | Noticed Jessica
  2236 | D:3      | 2236 ||| Stepping ~*~*~tactically~*~*~ (hiding).
  2241 | D:3      | Killed Jessica
  2432 | D:3      | Noticed a sky beast
  2457 | D:3      | Killed a sky beast
  2458 | D:3      | Reached skill level 5 in Axes
  2458 | D:3      | Reached XP level 6. HP: 19/37 MP: 6/6
  2675 | D:3      | Noticed Sigmund
  2692 | D:3      | 2692 ||| DRINKING potion of curing.
  2692 | D:3      | 2692 ||| (to cure confusion)
  2720 | D:3      | Killed Sigmund
  2858 | D:3      | Identified the +8 trident of the Hand {drain, rPois}
  2859 | D:3      | 2859 ||| Stepping ~*~*~tactically~*~*~ (hiding).
  2926 | D:3      | Reached XP level 7. HP: 44/44 MP: 7/7
  2993 | D:3      | Found a sacrificial altar of Ru.
  3108 | D:3      | 3108 ||| READING scroll labelled QEULUTROVAO.
  3109 | D:3      | 3109 ||| DRINKING 2 green potions.
  3110 | D:3      | 3110 ||| READING 2 scrolls of identify.
  3110 | D:3      | 3110 ||| IDENTIFYING bubbling golden potion
  3111 | D:3      | 3111 ||| DROPPING potion of brilliance.
  3173 | D:4      | Reached skill level 6 in Axes
  3398 | D:4      | Identified the +1 hand axe of Abuse {drain, Fly rPois rF+
                  | Str-3}
  3440 | D:4      | 3440 ||| Stepping ~*~*~tactically~*~*~ (hiding).
  3441 | D:4      | 3441 ||| Stepping ~*~*~tactically~*~*~ (hiding).
  3605 | D:4      | Found a shadowy altar of Dithmenos.
  3674 | D:4      | HP: 9/44 [ogre/+0 giant club (15)]
  3675 | D:4      | 3675 ||| READING scroll of teleportation.
  3678 | D:4      | Reached skill level 7 in Axes
  3938 | D:4      | 3938 ||| DRINKING 2 brown potions.
  3938 | D:4      | Gained mutation: You are strong-willed. (Will+) [potion of
                  | mutation]
  3938 | D:4      | Gained mutation: You are dopey. (Int -2) [potion of
                  | mutation]
  3938 | D:4      | Gained mutation: You have sharp fingernails. [potion of
                  | mutation]
  3938 | D:4      | Gained mutation: Your muscles are strong. (Str +4, Int/Dex
                  | -1) [potion of mutation]
  3939 | D:4      | 3939 ||| DRINKING 2 sedimented black potions.
  3968 | D:5      | Entered Level 5 of the Dungeon
  3973 | D:5      | Reached skill level 1 in Throwing
  3990 | D:5      | Reached XP level 8. HP: 49/49 MP: 8/8
  3995 | D:5      | 3995 ||| DROPPING +0 whip.
  4022 | D:5      | Found an ancient bone altar of Kikubaaqudgha.
  4335 | D:5      | 4335 ||| Stepping ~*~*~tactically~*~*~ (hiding).
  4357 | D:5      | Reached skill level 8 in Axes
  4553 | D:5      | 4553 ||| READING scroll labelled NOIRAU JUGH.
  4554 | D:5      | 4554 ||| READING scroll labelled UTUETA VOFIPT.
  4554 | D:5      | Identified a scroll of acquirement
  4554 | D:5      | 4554 ||| ACQUIRING 1008 gold pieces
  4554 | D:5      | Acquired 1008 gold pieces
  4620 | D:6      | 4620 ||| FLEEEEING.
  4621 | D:6      | 4621 ||| FLEEEEING.
  4622 | D:6      | 4622 ||| STAIRDANCE
  4663 | D:6      | Reached skill level 6 in Fighting
  4666 | D:6      | 4666 ||| STAIRDANCE
  4838 | D:6      | Noticed Duvessa
  4839 | D:6      | 4839 ||| Stepping ~*~*~tactically~*~*~ (stealth).
  4840 | D:6      | Noticed Dowan
  4854 | D:6      | HP: 12/51 [Duvessa/+0 short sword (2)]
  4855 | D:6      | 4855 ||| READING scroll of teleportation.
  4855 | D:6      | Slain by Duvessa

Levels and vault maps discovered:
D:1:      dpeg_arrival_tiny_i, layout_loops_ring
D:2:      layout_basic, dreamdust_ecumenical_altar_statues,
          uniq_crazy_yiuf_cottage, uniq_natasha
D:3:      layout_loops_corners, mainiacjoe_overflow_alcove_2,
          gammafunk_ghost_nasty_kobolds, uniq_sigmund, uniq_jessica
D:4:      layout_loops_ring, grunt_dithmenos_smoke
D:5:      layout_basic, tgw_kikubaaqudgha
D:6:      hellmonk_ruined_rings, layout_basic, general_overflow_altar, tgw_sif,
          temple_statues, nicolae_shop_gadgets, uniq_duvessa

Skill      XL: |  1  2  3  4  5  6  7  8 |
---------------+-------------------------+-----
Axes           | 2 3 4 5 7 8 |  8.6
Dodging        | 1 2 |  2.0
Fighting       | 5 6 |  6.0
Throwing       | 1 |  1.1
Armour         | |  3.2
Shields        | |  3.2

Action                     |  1- 3 |  4- 6 |  7- 9 || total
---------------------------+-------+-------+-------++-------
  Melee: War axe           |   134 |    66 |   131 ||   331
  Throw: Boomerang         |    19 |    31 |    51 ||   101
    Use: Scroll            |     4 |     2 |     6 ||    12
         Potion            |     1 |     3 |     3 ||     7
 Armour: Scale mail        |    69 |    41 |    53 ||   163
  Dodge: Dodged            |    62 |    25 |    63 ||   150
  Block: Buckler           |    23 |    11 |    24 ||    58

Table legend:
 A = Non-vault XP
 B = Vault XP
 C = Vault XP percentage of total XP
 D = Non-vault monster count
 E = Vault monster count
 F = Vault count percentage of total count
                 A         B        C        D         E       F
            +---------+---------+-------+---------+---------+-------
      Total |    1906 |     288 |  13.1 |      95 |       3 |   3.1
            +---------+---------+-------+---------+---------+-------
        D:1 |      42 |       0 |   0.0 |      24 |       0 |   0.0
        D:2 |     102 |      37 |  26.6 |      12 |       1 |   7.7
        D:3 |     192 |     251 |  56.7 |      22 |       2 |   8.3
        D:4 |     458 |       0 |   0.0 |      11 |       0 |   0.0
        D:5 |     618 |       0 |   0.0 |      16 |       0 |   0.0
        D:6 |     494 |       0 |   0.0 |      10 |       0 |   0.0
            +---------+---------+-------+---------+---------+-------
